[Event "*** Titled Tuesday Blitz"]
[Site "Chess.com"]
[Date "2020.05.26"]
[Round "7"]
[White "larisakalinina"]
[Black "Mexpaisano"]
[Result "0-1"]
[WhiteElo "1942"]
[BlackElo "2184"]
[TimeControl "180+1"]
[EndTime "11:20:32 PDT"]
[Termination "Mexpaisano won on time"]

1. e4 e5 2. Nc3 Nc6 3. g3 Nf6 4. Bg2 Bc5 5. Nge2 d6 6. O-O O-O 7. d3 Nd4 8. h3 c6 9. Kh2 h6 10. f4 Qc7 11. f5 d5 12. g4 dxe4 13. Nxe4 Nxe4 14. Bxe4 f6 15. Ng3 b6 16. Bd2 Bb7 17. b4 Be7 18. a4 c5 19. b5 c4 20. Bxb7 Qxb7 21. dxc4 Rfd8 22. Be3 Nxf5 23. Qe2 Nxg3 24. Kxg3 Qe4 25. Rae1 Rac8 26. Qf3 Qxf3+ 27. Rxf3 Rxc4 28. Re2 Rxa4 29. Rd2 Rxd2 30. Bxd2 Bc5 31. Rc3 Re4 0-1

[Event "*** Titled Tuesday Blitz"]
[Site "Chess.com"]
[Date "2020.05.26"]
[Round "7"]
[White "sergeikim"]
[Black "ChessQueen"]
[Result "0-1"]
[WhiteElo "2407"]
[BlackElo "2621"]
[TimeControl "180+1"]
[EndTime "11:20:33 PDT"]
[Termination "ChessQueen won by resignation"]

1. d4 Nf6 2. c4 e6 3. Nc3 Bb4 4. Qc2 d6 5. a3 Bxc3+ 6. Qxc3 Nbd7 7. Nf3 O-O 8. g3 Re8 9. Bg2 e5 10. d5 a5 11. b3 Ne4 12. Qc2 f5 13. O-O Ndf6 14.
Ng5 Nxg5 15. Bxg5 h6 16. Bc1 Bd7 17. Bb2 Qe7 18. b4 b6 19. c5 f4 20. cxb6 cxb6 21. Rac1 fxg3 22. hxg3 axb4 23. axb4 Ra2 24. Ra1 Rxa1 25.
Rxa1 Bb5 26. e4 Qd7 27. Rc1 Ra8 28. Qc7 Ra2 29. Qb8+ Kh7 30. Bc3 Ng4 31. Be1 Qa7 32.
Qxd6 Ra1 33. Rxa1 Qxa1 34. Qxb6 Qxe1+ 0-1

[Event "*** Titled Tuesday Blitz"]
[Site "Chess.com"]
[Date "2020.05.26"]
[Round "7"]
[White "Irochka83"]
[Black "chiwii"]
[Result "1-0"]
[WhiteElo "2389"]
[BlackElo "2220"]
[TimeControl "180+1"]
[EndTime "11:20:33 PDT"]
[Termination "Irochka83 won by resignation"]

1. d4 Nf6 2. c4 g6 3. Nc3 Bg7 4. e4 d6 5. Nf3 O-O 6. Bd3 e5 7. d5 a5 8. O-O Na6 9. Bc2 Nh5 10. Ne1 Nc5 11. g3 f5 12. exf5 Bxf5 13. Bxf5 Rxf5 14.
g4 Rg5 15. h4 Nf4 16. hxg5 Qxg5 17. Ng2 Rf8 18. Bxf4 exf4 19. Qf3 Nd7 20. Ne4 Qe5 21. Rfe1 Qxb2 22. Rab1 Qxa2 23. Ng5 Ne5 24. Qh3 h6 25. Ne6 Rf7 26. Rxb7 Qxc4 27. Rb8+ Bf8 28. Qxh6 Nf3+ 29. Kh1 Nxe1 30. Rxf8+ 1-0

[Event "*** Titled Tuesday Blitz"]
[Site "Chess.com"]
[Date "2020.05.26"]
[Round "7"]
[White "OparinGrigoriy"]
[Black "vanea_03"]
[Result "1-0"]
[WhiteElo "2896"]
[BlackElo "2683"]
[TimeControl "180+1"]
[EndTime "11:20:34 PDT"]
[Termination "OparinGrigoriy won by resignation"]

1. e4 e5 2. Nf3 Nc6 3. Bb5 a6 4. Ba4 Nf6 5. d3 b5 6. Bb3 Bc5 7. Nc3 d6 8. Nd5 h6 9. c3 Rb8 10. h3 Nxd5 11. Bxd5 Ne7 12. Bb3 Bb6 13. O-O O-O 14.
d4 Ng6 15. Be3 Qf6 16. dxe5 dxe5 17. Qe2 Nf4 18. Bxf4 Qxf4 19. Rad1 a5 20. g3 Qf6 21. Kg2 a4 22. Bc2 Be6 23. b3 a3 24.
Nh4 Rfd8 25. Nf5 c6 26. Qf3 Kh7 27. Rxd8 Rxd8 28. Rd1 Rxd1 29. Qxd1 g6 30. Ne3 Qe7 31. Qd2 Kg7 32. h4 h5 33. Bd1 Bc7 34. Be2 Bd6 35.
Nc2 Qc7 36. c4 bxc4 37. Bxc4 Bxc4 38. bxc4 Bc5 39. Na1 Bd4 40. Nb3 c5 41. f4 Qc6 42.
Qd3 f5 43. Kf3 Kf7 44. fxe5 Bxe5 45. Qd5+ Qxd5 46. exd5 Bd6 47. Nd2 Kf6 48. Nb1 f4 49. gxf4 Kf5 50. Nxa3 Bxf4 51. Nb5 1-0

[Event "*** Titled Tuesday Blitz"]
[Site "Chess.com"]
[Date "2020.05.26"]
[Round "7"]
[White "Malysch"]
[Black "lupta_robin"]
[Result "1-0"]
[WhiteElo "2474"]
[BlackElo "2609"]
[TimeControl "180+1"]
[EndTime "11:20:34 PDT"]
[Termination "Malysch won by checkmate"]

1. e4 c5 2. Nf3 d6 3. d4 cxd4 4. Nxd4 Nf6 5. Nc3 g6 6. Be3 Bg7 7. f3 O-O 8. Qd2 Nc6 9. g4 Be6 10. Nxe6 fxe6 11. O-O-O Ne5 12. Be2 Qc8 13. Kb1 Nfd7 14.
Nb5 Nc4 15. Bxc4 Qxc4 16. Nd4 Nc5 17. h4 Rac8 18. h5 Na4 19. hxg6 hxg6 20. Bh6 b5 21.
Bxg7 Kxg7 22. Qg5 Kf7 23. Rh7+ Ke8 24. Qxe7# 1-0

[Event "*** Titled Tuesday Blitz"]
[Site "Chess.com"]
[Date "2020.05.26"]
[Round "7"]
[White "Chess_Boxer123"]
[Black "SARGISMV"]
[Result "1-0"]
[WhiteElo "2696"]
[BlackElo "2429"]
[TimeControl "180+1"]
[EndTime "11:20:34 PDT"]
[Termination "Chess_Boxer123 won by checkmate"]

1. d4 c5 2. d5 e6 3. c4 exd5 4.
cxd5 a6 5. a4 d6 6. Nc3 Ne7 7. e4 Ng6 8. Nf3 Bg4 9. Be2 Be7 10.
O-O O-O 11. Be3 Nd7 12. a5 Bf6 13. Re1 Qc7 14. Ra4 Rfe8 15. h3 Bxf3 16. Bxf3 b5 17. axb6 Nxb6 18. Ra2 Nc4 19. Bc1 a5 20. Be2 Nb6 21.
Bb5 Reb8 22. Bc6 Ra7 23. Nb5 Qe7 24. Nxa7 Qxa7 25. Bd2 Nc4 26. Bc3 Bxc3 27. bxc3 Qe7 28. Qa4 Nge5 29. Bb5 Rxb5 30. Qxb5 g5 31. Ra4 Nd2 32.
Rxa5 Qf6 33. Ra8+ Kg7 34. Qe2 Ndc4 35. Ra4 Nb6 36. Ra6 Nbc4 37. f3 h5 38. Rf1 Qf4 39. Ra2 h4 40. Ra4 Ne3 41. Re1 Qg3 42. Qxe3 Nxf3+ 43. Qxf3 Qxe1+ 44. Kh2 Kg6 45. Ra7 f6 46. Qf5+ Kh5 47.
Rh7# 1-0

[Event "*** Titled Tuesday Blitz"]
[Site "Chess.com"]
[Date "2020.05.26"]
[Round "7"]
[White "gmelviro"]
[Black "TheSodabread"]
[Result "0-1"]
[WhiteElo "2065"]
[BlackElo "2009"]
[TimeControl "180+1"]
[EndTime "11:20:34 PDT"]
[Termination "TheSodabread won by resignation"]

1. c4 e5 2. g3 Nc6 3. Bg2 f5 4. Nc3 Nf6 5. e3 d5 6. Nxd5 Nxd5 7. cxd5 Nb4 8. Qb3 e4 9. Ne2 Nd3+ 10. Kf1 Bd6 11.
f3 O-O 12. Nf4 Bxf4 13. exf4 g5 14. fxe4 fxe4 15. Bxe4 Nc5 16. Bxh7+ Kxh7 17. Qc2+ Bf5 18. Qxc5 gxf4 19. d4 fxg3 20. hxg3+ Bh3+ 21. Ke1 Qe8+ 22. Kd1 Qh5+ 23. Kc2 Qg6+ 24. Kb3 Rf3+ 25. Ka4 b5+ 26. Qxb5 Qxg3 27. Qd7+ Kg8 28. Qc6 Rd8 29. Rxh3 Qxh3 30. Bg5 Rd6 31. Qe8+ Rf8 32. Qe7 Ra6+ 33. Kb5 Rb8+ 34.
Kxa6 Qd3+ 0-1

[Event "*** Titled Tuesday Blitz"]
[Site "Chess.com"]
[Date "2020.05.26"]
[Round "7"]
[White "Vitor-Moraes"]
[Black "agrigo3"]
[Result "0-1"]
[WhiteElo "1972"]
[BlackElo "2265"]
[TimeControl "180+1"]
[EndTime "11:20:34 PDT"]
[Termination "agrigo3 won on time"]

1. e4 g6 2. f4 Bg7 3. Nf3 d6 4.
d4 Nc6 5. c3 e5 6. d5 Nce7 7.
fxe5 dxe5 8. Bb5+ c6 9. Ba4 b5 10. Bb3 cxd5 11. exd5 Nf5 12. O-O Nge7 13. Bg5 h6 14.
Bxe7 Qxe7 15. Qe2 Nd6 16. Nbd2 O-O 17. Ne4 Rb8 18. Rae1 Re8 19. h3 a5 20. a3 Bd7 21.
Nc5 Bf5 22. Nd4 Qa7 23. Nxf5 Qxc5+ 24. Kh1 Nxf5 0-1

[Event "*** Titled Tuesday Blitz"]
[Site "Chess.com"]
[Date "2020.05.26"]
[Round "7"]
[White "lachesisQ"]
[Black "penguingm1"]
[Result "1-0"]
[WhiteElo "3161"]
[BlackElo "2878"]
[TimeControl "180+1"]
[EndTime "11:20:37 PDT"]
[Termination "lachesisQ won on time"]

1. e4 e5 2. Nf3 Nc6 3. Bb5 g6 4. O-O Bg7 5. c3 a6 6. Ba4 b5 7. Bb3 Na5 8. Bc2 Ne7 9. d4 exd4 10. cxd4 O-O 11. Re1 d6 12. h3 c5 13. Nc3 cxd4 14.
Nxd4 Bb7 15. Bg5 h6 16. Bh4 Nc4 17. Rb1 g5 18. Bg3 Qb6 19. Nf5 Nxf5 20. exf5 Nxb2 21. Qh5 Qd4 22. Ne4 Bxe4 23. Bxe4 Rae8 24. Qg4 d5 25.
Bf3 Rxe1+ 26. Rxe1 Qxg4 27. hxg4 d4 28. Bd6 Rd8 29. Be7 Re8 30. Bc6 Rc8 31. Bb7 Rc7 32. Bxa6 d3 33. Bb4 Bc3 34. Re8+ Kg7 35. Bxc3+ Rxc3 36.
Rd8 b4 37. Rd6 Ra3 38. f6+ Kg6 39. Bc8 h5 40. Bf5+ 1-0

[Event "*** Titled Tuesday Blitz"]
[Site "Chess.com"]
[Date "2020.05.26"]
[Round "7"]
[White "SameerMujumdar"]
[Black "Love_craft"]
[Result "1-0"]
[WhiteElo "2327"]
[BlackElo "2452"]
[TimeControl "180+1"]
[EndTime "11:20:37 PDT"]
[Termination "SameerMujumdar won on time"]

1. e4 g6 2. d4 Bg7 3. Nc3 d6 4. Be3 a6 5. Qd2 b5 6. f3 h5 7. O-O-O Bb7 8. h4 Nf6 9. Nh3 Nbd7 10. Ng5 Rc8 11. Kb1 c5 12. e5 Nd5 13. e6 fxe6 14. Nxe6 Qa5 15. Nxd5 Qxd2 16. Ndc7+ Kf7 17. Rxd2 c4 18.
Ng5+ Kg8 19. Nce6 Bh6 20. c3 Nf6 21. Rd1 Bd5 22. Bc1 Bb7 23. Nf4 a5 24. Nxg6 1-0

[Event "*** Titled Tuesday Blitz"]
[Site "Chess.com"]
[Date "2020.05.26"]
[Round "7"]
[White "VishnuPrasanna"]
[Black "ShahMatKanal"]
[Result "1-0"]
[WhiteElo "2655"]
[BlackElo "2470"]
[TimeControl "180+1"]
[EndTime "11:20:38 PDT"]
[Termination "VishnuPrasanna won by checkmate"]

1. e4 c6 2. Nf3 d5 3. d3 Bg4 4. h3 Bxf3 5. Qxf3 e6 6. g3 Nf6 7.
Bg2 Be7 8. O-O O-O 9. Nd2 Nbd7 10.
Qe2 Qb6 11. Re1 a5 12. e5 Ne8 13. Nf3 a4 14. a3 Qa6 15. h4 b5 16. Ng5 h6 17. Nh3 b4 18. axb4 Bxb4 19. c3 Bc5 20. Bf1 Nc7 21. Qg4 Kh7 22. d4 f5 23.
Qd1 Qb7 24. dxc5 Nxc5 25. Ng5+ hxg5 26. Qh5+ Kg8 27. hxg5 g6 28. Qxg6+ Kh8 29. Qh5+ Kg8 30. Qg6+ Kh8 31. Kg2 Ne8 32. Be3 Nb3 33. Ba6 Rxa6 34.
Rh1+ Qh7 35. Rxh7# 1-0

[Event "*** Titled Tuesday Blitz"]
[Site "Chess.com"]
[Date "2020.05.26"]
[Round "7"]
[White "Roman_Ovetchkin"]
[Black "Sam_ChessMood"]
[Result "0-1"]
[WhiteElo "2609"]
[BlackElo "2855"]
[TimeControl "180+1"]
[EndTime "11:20:39 PDT"]
[Termination "Sam_ChessMood won by resignation"]

1. d4 Nf6 2. c4 e6 3. Nf3 d5 4. g3 dxc4 5. Bg2 a6 6. O-O Nc6 7. Bg5 Be7 8. e3 O-O 9. Nbd2 b5 10. Ne5 Nxe5 11. Bxa8 Nd3 12. b3 c3 13. Bxf6 Bxf6 14. Ne4 Nb2 15. Qc2 b4 16. Nxc3 bxc3 17. Qxc3 c5 18. Qxc5 e5 19. dxe5 Nd3 20. Qc2 Nxe5 21. Rfd1 Qe7 22. Rac1 Bg4 23. Bd5 Bxd1 24. Rxd1 g6 25.
Kg2 Kg7 26. h3 Rd8 27. e4 g5 28. Qe2 a5 29. Rc1 Ng6 30. Qb5 Bd4 31. Qxa5 Qf6 32. Qd2 Be5 33. Rc6 Qxc6 0-1

[Event "*** Titled Tuesday Blitz"]
[Site "Chess.com"]
[Date "2020.05.26"]
[Round "7"]
[White "eightbyeightchess"]
[Black "vanyakuba"]
[Result "1-0"]
[WhiteElo "2453"]
[BlackElo "2458"]
[TimeControl "180+1"]
[EndTime "11:20:39 PDT"]
[Termination "eightbyeightchess won by resignation"]

1. e4 d5 2. exd5 Qxd5 3. Nc3 Qa5 4. h3 c5 5. Nf3 Nc6 6. Bc4 g6 7.
O-O Bg7 8. Re1 Nh6 9. Nd5 e6 10. d3 O-O 11. Nf6+ Bxf6 12. Bxh6 Re8 13. c3 b5 14. Bb3 Bb7 15. Qd2 Qc7 16. Qe3 Na5 17. Ng5 Nxb3 18. axb3 a6 19. Ne4 Bxe4 20. Qxe4 Bg7 21.
Bxg7 Kxg7 22. b4 cxb4 23. Qxb4 Red8 24. Qe4 Rd5 25. c4 bxc4 26. dxc4 Rdd8 27. b4 Rab8 28. c5 Qb7 29. c6 Qxb4 30. c7 Qxe4 31. Rxe4 1-0

[Event "*** Titled Tuesday Blitz"]
[Site "Chess.com"]
[Date "2020.05.26"]
[Round "7"]
[White "FMalexhdez"]
[Black "CraiggoryC"]
[Result "1-0"]
[WhiteElo "2057"]
[BlackElo "2090"]
[TimeControl "180+1"]
[EndTime "11:20:39 PDT"]
[Termination "FMalexhdez won on time"]

1. e4 e6 2. d4 d5 3. Nd2 Be7 4. Ngf3 Nf6 5. e5 Nfd7 6. Bd3 c5 7.
c3 Nc6 8. O-O a5 9. Re1 cxd4 10.
cxd4 Qb6 11. Qa4 g5 12. h3 h5 13. Nb3 g4 14. hxg4 hxg4 15. Nh2 Qb4 16. Qxb4 Bxb4 17.
Re3 a4 18. Nd2 a3 19. Nb3 Rg8 20. Rg3 f5 21. exf6 Nxf6 22. bxa3 Bxa3 23. Bxa3 Rxa3 24.
Nc5 Ke7 25. Rb1 Nxd4 26. Nxb7 Nf5 27. Bxf5 Rxg3 28. Bxe6 Rxg2+ 29. Kxg2 Bxe6 30. Nc5 Ne4 31. Nxe6 Kxe6 32. Nf1 Ke5 33. a4 Rf8 34. Rb2 Rf3 35. Ra2 1-0

[Event "*** Titled Tuesday Blitz"]
[Site "Chess.com"]
[Date "2020.05.26"]
[Round "7"]
[White "PlayChessSimple"]
[Black "Zarikovs1999"]
[Result "1-0"]
[WhiteElo "2504"]
[BlackElo "2350"]
[TimeControl "180+1"]
[EndTime "11:20:40 PDT"]
[Termination "PlayChessSimple won by resignation"]

1. e4 c5 2. Nf3 d6 3. c3 Nf6 4. h3 g6 5. Bd3 Bg7 6. Bc2 O-O 7.
d4 cxd4 8. cxd4 Nc6 9. O-O e5 10.
d5 Nb4 11. Bb3 a5 12. Nc3 Bd7 13. a3 Na6 14. Be3 b6 15. Bc4 Nc5 16. Nd2 Nh5 17.
b4 Na6 18. Bxa6 Rxa6 19. b5 Ra8 20. Nc4 Rc8 21. Qe2 Qc7 22. Nxb6 Qxc3 23. Nxd7 Rfd8 24. Nb6 Rb8 25. Rfc1 Qb3 26. Rcb1 Qc3 27. Na4 Qc7 28. b6 Qb7 29. Rc1 Rd7 30. Qb5 Nf4 31. Rc6 Rbd8 32. Rac1 Qb8 33. Rc7 Rxc7 34. bxc7 Qxb5 35. cxd8=Q+ Bf8 36. Bxf4 exf4 37. Rc8 Kg7 38. Qxf8+ Kf6 39. Qxd6+ Kg5 40.
Qe5+ 1-0

[Event "*** Titled Tuesday Blitz"]
[Site "Chess.com"]
[Date "2020.05.26"]
[Round "7"]
[White "ArnieChipmunk"]
[Black "GMKrikor"]
[Result "1-0"]
[WhiteElo "2289"]
[BlackElo "2683"]
[TimeControl "180+1"]
[EndTime "11:20:41 PDT"]
[Termination "ArnieChipmunk won by resignation"]

1. e4 c5 2. Nf3 e6 3. d4 cxd4 4. Nxd4 Nc6 5. Nc3 a6 6. g3 d6 7. Bg2 Bd7 8. O-O Nf6 9. Be3 Be7 10. a4 O-O 11. f4 Nxd4 12. Bxd4 Bc6 13. g4 e5 14. Be3 exf4 15. Bxf4 Qb6+ 16. Kh1 Qxb2 17. Qd3 Nxg4 18. Rab1 Qa3 19. Nd5 Qxa4 20. Nxe7+ Kh8 21. Nxc6 bxc6 22. Qg3 Nf6 23. Bxd6 Nxe4 24. Qf4 Rfe8 25. Rb4 Qxc2 26. Rxe4 f6 27. Rfe1 Red8 28. Bc7 Rdc8 29. Qf5 Qa2 30. Qxc8+ 1-0

[Event "*** Titled Tuesday Blitz"]
[Site "Chess.com"]
[Date "2020.05.26"]
[Round "7"]
[White "Quaternitychess"]
[Black "Koksik_13"]
[Result "1-0"]
[WhiteElo "2808"]
[BlackElo "2566"]
[TimeControl "180+1"]
[EndTime "11:20:44 PDT"]
[Termination "Quaternitychess won on time"]

1. e4 e6 2. d4 d5 3. Nc3 Bb4 4. e5 c5 5. a3 Bxc3+ 6. bxc3 Ne7 7. h4 Qa5 8. Bd2 Qa4 9. h5 b6 10. h6 gxh6 11. Nf3 Ba6 12. Bxa6 Qxa6 13. Rxh6 Nbc6 14.
dxc5 bxc5 15. Rb1 Nf5 16. Rh5 Qc4 17. Qe2 Qxe2+ 18. Kxe2 O-O-O 19. g4 Nfe7 20. Rb5 Ng6 21. Rxc5 Kd7 22. c4 d4 23. Ne1 Nce7 24. Nd3 Rc8 25.
Rxc8 Rxc8 26. c5 Nd5 27. Rxh7 Ke7 28. f4 Rg8 29. Kf3 Nf8 30. Rh1 Ng6 31. f5 exf5 32. gxf5 Nf8 33. Rb1 Rh8 34. Rb7+ Nd7 35. c6 Rh3+ 36.
Kg4 1-0

[Event "*** Titled Tuesday Blitz"]
[Site "Chess.com"]
[Date "2020.05.26"]
[Round "7"]
[White "mishikomchedlishvili"]
[Black "Nor1lsk"]
[Result "1-0"]
[WhiteElo "2824"]
[BlackElo "2595"]
[TimeControl "180+1"]
[EndTime "11:20:44 PDT"]
[Termination "mishikomchedlishvili won by resignation"]

1. d4 g6 2. e4 Bg7 3. c4 c5 4. d5 d6 5. Nc3 e6 6. h3 Ne7 7. Nf3 O-O 8. Bd3 h6 9. Be3 g5 10. Nh2 f5 11. exf5 exf5 12. f4 Ng6 13. O-O gxf4 14. Bd2 Nd7 15. Ne2 Bxb2 16. Rb1 Bg7 17.
Nxf4 Nxf4 18. Bxf4 Ne5 19. Nf3 b6 20. Qd2 Qf6 21. Rbe1 Re8 22. Kh1 Bd7 23. Be2 Re7 24. Bg3 Ng6 25. Bd3 Rae8 26. Rxe7 Rxe7 27. Qc2 f4 28. Bh2 Ne5 29. Nxe5 dxe5 30. Be4 Rf7 31. g4 Qh4 32. Rf3 h5 33. gxh5 Bxh3 34. d6 Qxh5 35. Qd3 Kh8 36. Rxh3 1-0

[Event "*** Titled Tuesday Blitz"]
[Site "Chess.com"]
[Date "2020.05.26"]
[Round "7"]
[White "Alopekos"]
[Black "NormWeinstein"]
[Result "1/2-1/2"]
[WhiteElo "2509"]
[BlackElo "2369"]
[TimeControl "180+1"]
[EndTime "11:20:44 PDT"]
[Termination "Game drawn by repetition"]

1. e4 c5 2. Nc3 e6 3. Nge2 Nc6 4. d4 cxd4 5. Nxd4 Bb4 6. Nxc6 bxc6 7. Qd4 Bf8 8. e5 Ne7 9. Bd3 Qb6 10. Qe4 Ba6 11.
Be3 Bxd3 12. Qxd3 Qa5 13. O-O-O Nd5 14. Bd2 Bb4 15. Nxd5 Bxd2+ 16. Qxd2 Qxd2+ 17. Kxd2 cxd5 18. c4 dxc4 19. Kc3 Ke7 20. Rd4 Rhc8 21. Rhd1 Rc7 22.
Rxc4 Rxc4+ 23. Kxc4 Rc8+ 24. Kb3 Rc5 25. f4 g5 26. g3 gxf4 27. gxf4 Rb5+ 28. Kc3 Rc5+ 29. Kb3 Rb5+ 30. Kc3 Rc5+ 31. Kb3 1/2-1/2

[Event "*** Titled Tuesday Blitz"]
[Site "Chess.com"]
[Date "2020.05.26"]
[Round "7"]
[White "jonaszmb"]
[Black "WeAintSurePal"]
[Result "0-1"]
[WhiteElo "2467"]
[BlackElo "2344"]
[TimeControl "180+1"]
[EndTime "11:20:44 PDT"]
[Termination "WeAintSurePal won on time"]

1. e4 c6 2. d4 d5 3. e5 c5 4.
dxc5 e6 5. a3 Bxc5 6. Qg4 Bf8 7.
Nf3 Nc6 8. Bb5 Bd7 9. Nc3 Nge7 10. Bg5 Qc7 11. Bxe7 Nxe7 12. Bxd7+ Qxd7 13. Nd4 Nc6 14. Nxc6 Qxc6 15. O-O Rc8 16. Rad1 a6 17. Kh1 h5 18. Qg5 Qc7 19. f4 Qe7 20. Qg3 g6 21. Rxd5 exd5 22. Nxd5 Qe6 23. Nf6+ Ke7 24. Qh4 Qc4 25.
Rd1 g5 26. Qxg5 Bh6 27. Nd5+ Kf8 28. Qe7+ Kg8 29. Nf6+ Kg7 30. Nxh5+ Kh7 31. Nf6+ Kg6 32. Rd3 Qxd3 33. h3 Qf1+ 34. Kh2 Bxf4+ 0-1

[Event "*** Titled Tuesday Blitz"]
[Site "Chess.com"]
[Date "2020.05.26"]
[Round "7"]
[White "SlavenPastar"]
[Black "The_Machine04"]
[Result "1-0"]
[WhiteElo "2401"]
[BlackElo "2289"]
[TimeControl "180+1"]
[EndTime "11:20:44 PDT"]
[Termination "SlavenPastar won on time"]

1. d4 d6 2. Nf3 Nf6 3. c4 g6 4.
Nc3 Bg7 5. Bg5 Bf5 6. e3 Nbd7 7.
Bd3 Bxd3 8. Qxd3 h6 9. Bh4 O-O 10. O-O c5 11. d5 Ng4 12. h3 Nge5 13. Nxe5 Nxe5 14. Qe2 a6 15. f4 Nd7 16. e4 Rb8 17. a4 Re8 18. Rae1 Qb6 19. Rf2 Qb4 20. Kh2 e6 21.
Qd3 Nb6 22. dxe6 Rxe6 23. f5 Be5+ 24. Bg3 Ree8 25. Bxe5 dxe5 26. fxg6 fxg6 27. Qd6 Rf8 28. Qxg6+ Kh8 29. Re3 Rxf2 30. Rg3 1-0

[Event "*** Titled Tuesday Blitz"]
[Site "Chess.com"]
[Date "2020.05.26"]
[Round "7"]
[White "DucksParadise"]
[Black "mohamed-damaj"]
[Result "0-1"]
[WhiteElo "2049"]
[BlackElo "2287"]
[TimeControl "180+1"]
[EndTime "11:20:44 PDT"]
[Termination "mohamed-damaj won on time"]

1. e4 e5 2. Nf3 Nc6 3. Bb5 a6 4.
Ba4 Nf6 5. O-O b5 6. Bb3 Be7 7. Re1 O-O 8. d3 d5 9. exd5 Nxd5 10. Nxe5 Nxe5 11. Rxe5 c6 12. Re1 Bd6 13. Nd2 Qh4 14. g3 Qh3 15. Qf3 Bg4 16. Qg2 Rfe8 17. Ne4 f5 18.
Bd2 fxe4 19. Qxh3 Bxh3 20. dxe4 Rf8 21. exd5 c5 22. c4 Rf7 23. a4 Raf8 24. f4 g5 25.
cxb5 axb5 0-1

[Event "*** Titled Tuesday Blitz"]
[Site "Chess.com"]
[Date "2020.05.26"]
[Round "7"]
[White "Jumbo"]
[Black "Sibelephant"]
[Result "0-1"]
[WhiteElo "2871"]
[BlackElo "3172"]
[TimeControl "180+1"]
[EndTime "11:20:45 PDT"]
[Termination "Sibelephant won on time"]

1. d4 d5 2. Bf4 c5 3. e3 cxd4 4.
exd4 Nc6 5. c3 Bf5 6. Qb3 Qd7 7.
Nf3 e6 8. Nbd2 Nge7 9. h3 h5 10. Be2 Ng6 11. Bh2 Bd6 12. Bxd6 Qxd6 13. g3 O-O 14. h4 Bg4 15. O-O f5 16. Qd1 f4 17.
Kg2 fxg3 18. fxg3 Nce7 19. Ne5 Nf5 20. Rxf5 Bxf5 21. Nxg6 Bxg6 22. Bxh5 Bf5 23. Qe2 Rf6 24. Re1 Raf8 25. Qe3 Qb6 26. b3 Qa6 27. a4 Qd6 28. Kh2 Qa3 29. Re2 Qa1 30. Nf3 Be4 31. Rf2 Qd1 32. Kg2 Qxb3 33. Bg4 Kh8 34. h5 Rc8 35. h6 gxh6 0-1

[Event "*** Titled Tuesday Blitz"]
[Site "Chess.com"]
[Date "2020.05.26"]
[Round "7"]
[White "ChristopherYoo"]
[Black "grzechu96"]
[Result "1-0"]
[WhiteElo "2876"]
[BlackElo "2614"]
[TimeControl "180+1"]
[EndTime "11:20:47 PDT"]
[Termination "ChristopherYoo won by resignation"]

1. e4 e5 2. Nf3 Nc6 3. Bb5 a6 4. Ba4 Nf6 5. d4 exd4 6. O-O Be7 7. e5 Ne4 8. Nxd4 Nc5 9. Nf5 O-O 10. Qg4 g6 11.
Bxc6 dxc6 12. Nxe7+ Qxe7 13. Qg3 Re8 14. Re1 Bf5 15.
Bg5 f6 16. Bf4 Ne4 17. Qb3+ Qf7 18. Qxb7 fxe5 19. Be3 Rab8 20. Qxc6 Rxb2 21. Na3 Nd6 22. Bc5 Bd7 23. Qxc7 Nb5 24. Nxb5 Bxb5 25. Qd6 Rxc2 26. Rxe5 Rxe5 27. Qxe5 Re2 28. Qd4 Qg7 29. Qd5+ Qf7 30. Qd8+ Re8 31. Qd2 Qc4 32. Rc1 Qd3 33. Qb2 Qe2 34.
Qb3+ Bc4 35. Qc3 Qd3 36. Qa5 Qe2 37. Bd4 Qxa2 38. Qg5 Qc2 39. h4 Qd3 40. Qf6 1-0

[Event "*** Titled Tuesday Blitz"]
[Site "Chess.com"]
[Date "2020.05.26"]
[Round "7"]
[White "KuzubovYuriy"]
[Black "druskacik"]
[Result "1-0"]
[WhiteElo "2766"]
[BlackElo "2582"]
[TimeControl "180+1"]
[EndTime "11:20:47 PDT"]
[Termination "KuzubovYuriy won by checkmate"]

1. d4 d5 2. c4 e6 3. Nc3 Nf6 4. cxd5 exd5 5. Bg5 c6 6. e3 Bd6 7. Bd3 O-O 8. Qc2 h6 9. Bh4 Re8 10. Nf3 Be6 11. O-O Nbd7 12. Rad1 Rc8 13. Qb1 Bg4 14.
Rd2 Bxf3 15. gxf3 Qb6 16. Bf5 Rc7 17. Kh1 Kh8 18. Rg1 Ng8 19. Qf1 Ndf6 20. Qg2 Bf8 21.
e4 dxe4 22. fxe4 Qa5 23. Rd3 b5 24. e5 Nh5 25. Qg4 b4 26. Ne4 c5 27. Qxh5 cxd4 28. Bg3 Rce7 29. Qf3 Qxa2 30. Nd6 Rd8 31. Be4 Qxb2 32.
Nxf7+ Rxf7 33. Qxf7 a5 34. Qg6 a4 35. Qh7# 1-0

[Event "*** Titled Tuesday Blitz"]
[Site "Chess.com"]
[Date "2020.05.26"]
[Round "7"]
[White "Schachmalanders"]
[Black "aakankshachess"]
[Result "0-1"]
[WhiteElo "2305"]
[BlackElo "2450"]
[TimeControl "180+1"]
[EndTime "11:20:48 PDT"]
[Termination "aakankshachess won by resignation"]

1. e4 c5 2. Nf3 d6 3. c3 Nf6 4.
Be2 Nc6 5. d4 cxd4 6. cxd4 e6 7.
Nc3 Be7 8. O-O O-O 9. Bf4 a6 10. Rc1 h6 11. h3 d5 12. Ne5 dxe4 13. Nxc6 bxc6 14. Qc2 Bb7 15. Rfd1 Qb6 16. Na4 Qa5 17. Nc5 Bxc5 18. dxc5 Rfd8 19. a3 Rd5 20. Bd6 Qd8 21.
Bc4 Qe8 22. Qb3 Bc8 23. Qb6 Rg5 24. Bf4 Rd5 25. b4 Bd7 26. Bd6 Rg5 27. Bxa6 e5 28. Kh2 Qe6 29. Bf1 Nh5 30. Qb7 Re8 31. b5 Nf4 32.
bxc6 Bc8 33. Bc4 Rxg2+ 0-1

[Event "*** Titled Tuesday Blitz"]
[Site "Chess.com"]
[Date "2020.05.26"]
[Round "7"]
[White "Piotrek1979"]
[Black "silverback96"]
[Result "0-1"]
[WhiteElo "2403"]
[BlackElo "2319"]
[TimeControl "180+1"]
[EndTime "11:20:48 PDT"]
[Termination "silverback96 won on time"]

1. Nf3 d5 2. b3 Nf6 3. Bb2 g6 4. c4 Bg7 5. g3 O-O 6. Bg2 c5 7. cxd5 Qxd5 8. O-O Qh5 9. Qc2 Nc6 10. Rc1 Nd4 11. Bxd4 cxd4 12. d3 Nd5 13. Qc5 Be6 14. Nbd2 Rfc8 15. Qa5 b6 16. Qb5 a6 17. Rxc8+ Rxc8 18. Qxa6 Bh3 19. Bxh3 Qxh3 20. Nc4 Bh6 21. Nxb6 Ne3 22.
fxe3 Bxe3+ 23. Kh1 Rc2 24. Rd1 Kg7 25. Re1 Rxe2 26. Rg1 Bxg1 0-1

[Event "*** Titled Tuesday Blitz"]
[Site "Chess.com"]
[Date "2020.05.26"]
[Round "7"]
[White "alekschess100"]
[Black "MasterKroket"]
[Result "0-1"]
[WhiteElo "2229"]
[BlackElo "2407"]
[TimeControl "180+1"]
[EndTime "11:20:48 PDT"]
[Termination "MasterKroket won by checkmate"]

1. d4 Nf6 2. Nf3 e6 3. Bg5 c5 4.
c3 Nc6 5. e3 b6 6. Nbd2 Be7 7. a3 O-O 8. Bd3 d6 9. O-O h6 10. Bh4 Bb7 11. e4 cxd4 12. cxd4 e5 13. d5 Nb8 14. Bxf6 Bxf6 15. Qe2 Bg5 16. Rac1 Nd7 17.
Nxg5 hxg5 18. b4 a5 19. Nc4 Nf6 20. Ne3 axb4 21. axb4 Ra4 22. Qb2 Qd7 23. Ra1 Rfa8 24. Nf5 g6 25. Ne3 Nh5 26. Nc4 Rxa1 27. Rxa1 Rxa1+ 28. Qxa1 Nf4 29. Bf1 Qg4 30. g3 Ne2+ 31. Bxe2 Qxe2 32.
Nxd6 Ba6 33. b5 Bxb5 34. Nxb5 Qxb5 35. Qxe5 g4 36. Qf4 Qb1+ 37. Kg2 Qd1 38. d6 b5 39. h4 gxh3+ 40. Kxh3 Qh1+ 41. Kg4 Qh5# 0-1

[Event "*** Titled Tuesday Blitz"]
[Site "Chess.com"]
[Date "2020.05.26"]
[Round "7"]
[White "kleinebeer98"]
[Black "Sychev_Klementy"]
[Result "0-1"]
[WhiteElo "2671"]
[BlackElo "2864"]
[TimeControl "180+1"]
[EndTime "11:20:49 PDT"]
[Termination "Sychev_Klementy won by resignation"]

1. e4 e5 2. Nf3 Nc6 3. Nc3 Nf6 4. a3 d5 5. exd5 Nxd5 6. Nxe5 Nxe5 7. Qe2 Bd6 8. d4 Nxc3 9. bxc3 O-O 10. dxe5 Bxe5 11. Bd2 Re8 12. O-O-O Bd6 13. Qd3 Bxa3+ 14. Kb1 Qf6 15.
Qb5 Bg4 16. Re1 Rxe1+ 17. Bxe1 Qf4 18. Bd3 Be6 19. c4 Qc1+ 20. Ka2 Be7 21. Qxb7 Rd8 22.
Qxc7 Re8 23. Qa5 Bf6 24. Qb4 Qa1+ 25. Kb3 Qb2+ 26. Ka4 Bd7+ 27. Ka5 Qa2+ 0-1